Map: Backcountry

Players

SciFeR

  • Race: Terran Terran
  • League: Gold
  • Spawn Location: 9:00

nac

  • Race: Terran Terran
  • Spawn Location: 11:00

Turbo

  • Race: Zerg Zerg
  • League: Silver
  • Spawn Location: 11:00

Grumm

  • Race: Terran Terran
  • League: Gold
  • Spawn Location: 5:00

UntoldLegend

  • Race: Protoss Protoss
  • Spawn Location: 5:00

HowerPower

  • Race: Protoss Protoss
  • Spawn Location: 5:00

VOD

Have the link to the VOD?

Description

Time

  • Played on: Feb. 5, 2016, 7:10 p.m.
  • Length: 14:25
Show
View Real Time Build Order
Export as new Build Order

SciFeR Terran 

Build Orders: MMM Bio 

Get SALT Encoding   

  12  0:02  SCV  
  13  0:14  SCV  
  13  0:18  Supply Depot  
  14  0:26  SCV  
  15  0:39  SCV  
  16  0:42  Barracks  
  16  0:47  Refinery  
  16  0:52  SCV  
  17  1:04  SCV  
  18  1:16  SCV  
  19  1:28  SCV  
  19  1:30  Reaper  
  19  1:31  Supply Depot  
  21  1:41  SCV  
  22  2:01  Command Center  
  22  2:02  Reaper  
  22  2:04  Refinery  
  23  2:27  Orbital Command  
  23  2:39  Barracks Reactor  
  23  2:43  Factory  
  23  2:47  Engineering Bay  
  22  2:53  Barracks  
  22  3:28  Missile Turret, Factory Tech Lab  
  22  3:33  Starport  
  20  3:59  SCV  
  20  4:01  Barracks Reactor  
  21  4:05  Terran Infantry Weapons Level 1  
  21  4:06  Marine x2, Barracks  
  23  4:11  Medivac  
  23  4:15  SCV  
  26  4:19  SCV  
  27  4:33  Marine x2  
  27  4:37  Marine x2  
  31  4:41  Orbital Command  
  31  4:46  SCV  
  32  4:58  SCV  
  33  5:00  Barracks Tech Lab  
  33  5:02  Marine x3  
  36  5:09  Supply Depot  
  36  5:14  Orbital Command  
  36  5:15  SCV x2  
  38  5:27  Missile Turret  
  36  5:46  Missile Turret  
  36  5:49  SCV  
  37  5:51  Missile Turret  
  37  5:57  Stimpack  
  37  5:58  Marauder  
  37  5:59  Marine  
  37  6:01  SCV  
  41  6:11  Marine x2  
  41  6:12  Marine  
  44  6:20  Marauder  
  38  6:41  Starport Reactor  
  38  6:42  Marauder, Marine x2  
  38  6:43  Marine x2  
  42  6:48  Siege Tank  
  42  6:51  Terran Infantry Armor Level 1  
  42  6:53  SCV x2, Barracks  
  47  7:00  Refinery  
  47  7:01  Refinery  
  47  7:05  SCV x2  
  49  7:11  Marine  
  49  7:12  Marine  
  51  7:19  Medivac  
  52  7:23  Supply Depot  
  52  7:24  Medivac  
  52  7:29  SCV  
  54  7:46  Missile Turret  
  54  7:47  Supply Depot  
  56  7:51  Marauder, Marine x2  
  56  7:52  Marine x2  
  56  7:54  Viking  
  62  8:01  Barracks Reactor  
  61  8:10  SCV x2  
  55  8:22  SCV  
  55  8:23  SCV  
  56  8:56  Marine  
  56  8:57  Marine x2  
  56  8:58  SCV x2  
  61  9:16  Marauder, Marine x4  
  67  9:17  Concussive Shells  
  67  9:24  Armory  
  67  9:28  Supply Depot  
  67  9:33  Marine  
  67  9:37  Marauder  
  70  9:49  Marine x3  
  70  9:51  Marine  
  74  9:58  Marauder  
  74  9:59  Combat Shields, Missile Turret  
  76  10:18  SCV x2  
  78  10:26  Supply Depot  
  78  10:48  SCV x2, Siege Tank  
  78  10:49  Medivac  
  85  10:50  Supply Depot  
  85  10:52  Marine  
  86  11:02  Barracks  
  86  11:11  Medivac, Marine x5  
  86  11:12  SCV  
  86  11:17  SCV  
  86  11:18  Marine  
  94  11:30  Marine  
  94  11:35  Marine  
  94  11:36  Marine  
  94  11:37  Marine  
  94  11:40  Command Center  
  94  11:56  Supply Depot  
  94  12:17  Marine x4, SCV x2  
  52  13:23  Barracks Reactor  
  52  13:27  Marauder  
  52  13:28  Marine  
  52  13:29  Marine x5  
  52  13:30  Orbital Command  
  52  13:32  SCV x2  
  62  13:44  Medivac x2  
  62  13:46  Supply Depot, Marine x4  
  62  13:47  Marine x2  
  72  13:49  Marauder  
  73  13:56  Supply Depot  
  73  14:04  Marine x3  
Show
View Real Time Build Order
Export as new Build Order

nac Terran 

Build Orders: MMM Bio 

Get SALT Encoding   

  12  0:02  SCV  
  13  0:14  SCV  
  14  0:24  Supply Depot  
  14  0:26  SCV  
  15  0:46  SCV  
  16  0:50  Barracks  
  16  0:58  SCV  
  16  1:01  Barracks  
  17  1:08  Refinery  
  17  1:10  SCV  
  18  1:22  Refinery, SCV  
  19  1:39  Orbital Command  
  19  1:41  Marine  
  20  1:49  Marine  
  21  1:57  Supply Depot  
  21  2:00  Marine  
  22  2:06  Marine  
  23  2:19  SCV  
  24  2:28  Barracks Tech Lab  
  24  2:31  SCV  
  24  2:33  Factory  
  25  2:41  Engineering Bay  
  25  2:43  SCV  
  26  2:50  Concussive Shells  
  26  2:53  Barracks Reactor  
  26  2:55  SCV  
  26  2:58  Supply Depot  
  27  3:07  SCV  
  27  3:18  Factory Tech Lab  
  27  3:19  SCV  
  28  3:22  Starport  
  28  3:31  Missile Turret, SCV  
  28  3:33  Stimpack  
  29  3:37  Marauder  
  31  3:50  Supply Depot  
  31  3:54  Marine x2, SCV  
  34  4:09  Factory Reactor  
  34  4:10  High Capacity Fuel Tanks  
  34  4:12  Medivac  
  34  4:16  Marauder  
  34  4:17  Marine x2  
  38  4:19  SCV  
  41  4:27  Terran Infantry Weapons Level 1  
  41  4:42  Medivac  
  43  5:00  Command Center  
  43  5:22  Refinery  
  43  5:23  Refinery  
  43  5:29  Missile Turret  
  43  5:34  Combat Shields  
  42  5:49  SCV  
  45  5:57  Marauder, Marine x2  
  45  5:59  Viking  
  45  6:01  SCV  
  45  6:04  Viking  
  52  6:13  SCV  
  52  6:15  Marine x2  
  55  6:25  SCV  
  56  6:35  Marauder, Marine x2  
  56  6:37  SCV  
  56  6:39  Terran Infantry Armor Level 1  
  61  6:45  Armory  
  61  6:50  SCV  
  62  6:55  Engineering Bay  
  62  6:58  Planetary Fortress  
  62  7:03  SCV  
  63  7:16  SCV  
  63  7:17  Barracks  
  63  7:21  Barracks  
  64  7:28  Supply Depot, SCV  
  63  7:38  Viking x2  
  63  7:40  SCV x2  
  69  7:52  SCV x2  
  69  7:56  Supply Depot  
  69  7:57  Terran Vehicle And Ship Armor Level 1  
  69  7:58  Terran Infantry Weapons Level 2  
  71  8:04  SCV x2  
  73  8:11  Barracks Reactor  
  73  8:12  Barracks Reactor  
  73  8:16  SCV x2  
  75  8:20  Starport  
  75  8:25  Supply Depot, Marauder  
  75  8:26  Supply Depot, Marine  
  78  8:51  Terran Infantry Armor Level 2  
  75  9:12  Command Center  
  75  9:13  Marauder, Marine x2  
  75  9:16  Siege Tank  
  82  9:19  Starport Tech Lab  
  82  9:23  SCV x2  
  84  9:31  Viking x2  
  84  9:34  Marine x5  
  93  9:45  SCV x2  
  95  9:51  Terran Ship Weapons Level 1  
  95  9:59  Siege Tank  
  98  10:05  Missile Turret x2  
  98  10:07  Missile Turret  
  98  10:09  Refinery  
  98  10:10  Refinery  
  98  10:15  Terran Infantry Weapons Level 3  
  98  10:18  Marine x2  
  98  10:19  Marine x2  
  102  10:29  Planetary Fortress  
  102  10:30  Supply Depot  
  102  10:32  Supply Depot  
  102  10:44  Viking x2  
  102  10:48  Marine  
  102  10:49  Marine x4  
  111  10:57  Medivac  
  113  11:14  Medivac, Terran Infantry Armor Level 3  
  115  11:33  Marauder, Marine x2  
  115  11:34  Marine x3  
  115  11:36  Siege Tank  
  125  11:45  Terran Vehicle And Ship Armor Level 2  
  121  11:55  Marauder  
  121  12:00  Marine  
  121  12:01  Marine x5  
  129  12:16  Marauder  
  129  12:18  Marine x2  
  133  12:35  Supply Depot  
  133  12:36  Supply Depot  
  133  12:37  Supply Depot  
  133  12:40  Supply Depot  
  133  12:45  Viking x2, Siege Tank  
  140  12:51  Marine  
  140  12:52  Marauder, Marine x5  
  148  13:09  Marine x4  
  148  13:10  Marine x2  
  154  13:13  Marauder  
  154  13:18  Siege Tank  
  158  13:24  Raven  
  158  13:25  Medivac x2  
  162  13:27  Marine  
  163  13:35  Marauder  
  162  14:03  Marauder, Marine x6  
Show
View Real Time Build Order
Export as new Build Order

Turbo Zerg 

Build Orders: Hatch First 

Get SALT Encoding   

  12  0:01  Drone  
  13  0:11  Drone  
  14  0:42  Hatchery  
  14  0:43  Overlord  
  14  0:46  Drone  
  14  1:05  Spawning Pool  
  14  1:06  Drone  
  14  1:10  Drone  
  15  1:16  Extractor  
  15  1:17  Drone  
  15  1:21  Drone  
  16  1:28  Drone  
  17  1:42  Drone  
  18  1:53  Overlord  
  18  1:55  Queen  
  18  1:57  Drone  
  21  2:03  Queen  
  21  2:07  Drone  
  24  2:11  Drone  
  24  2:14  Drone  
  26  2:18  Drone  
  27  2:23  Metabolic Boost  
  27  2:31  Drone  
  27  2:32  Drone  
  27  2:36  Zergling x2  
  30  2:41  Drone  
  30  2:43  Zergling x2  
  32  2:50  Overlord  
  32  3:02  Zergling x2  
  32  3:04  Drone  
  34  3:06  Zergling x4  
  34  3:08  Overlord  
  34  3:10  Drone  
  37  3:17  Drone x3  
  40  3:21  Queen  
  40  3:24  Zergling x2  
  43  3:29  Zergling x2  
  43  3:32  Drone  
  45  3:38  Extractor  
  45  3:39  Evolution Chamber  
  45  3:40  Zergling x6  
  46  3:42  Drone  
  46  3:44  Overlord  
  47  3:50  Drone  
  47  3:53  Drone x2  
  47  3:54  Drone  
  51  4:01  Drone  
  52  4:22  Zergling x2  
  52  4:23  Zergling x6  
  56  4:25  Lair  
  56  4:27  Drone x4  
  50  5:09  Extractor  
  50  5:10  Extractor  
  48  5:19  Spine Crawler, Spore Crawler  
  48  5:20  Spine Crawler  
  45  5:21  Drone  
  45  5:22  Drone  
  45  5:25  Spine Crawler  
  45  5:27  Spine Crawler  
  45  5:30  Zerg Ground Armor Level 1  
  45  5:32  Zergling x10  
  45  5:33  Zergling x8  
  45  5:35  Zergling x8  
  58  5:38  Zergling x4  
  60  5:50  Overlord  
  60  5:55  Overseer x2  
  60  6:08  Zergling x4  
  60  6:09  Zergling x2  
  60  6:11  Overlord x2  
  63  6:12  Drone  
  63  6:13  Drone x2  
  50  6:57  Zergling x10  
  50  6:58  Zergling x2  
  55  7:03  Infestation Pit  
  55  7:04  Drone x2  
  56  7:20  Overlord x2  
  56  7:22  Hatchery  
  56  7:25  Zerg Melee Weapons Level 1  
  55  7:37  Zergling x2  
  55  7:38  Zergling x8  
  55  7:39  Zergling x2  
  55  7:40  Zergling x6  
  64  7:54  Zergling x2  
  65  8:08  Zergling x10  
  65  8:09  Zergling x6  
  65  8:12  Hive  
  73  8:20  Zergling x2  
  73  8:21  Zergling x6  
  68  8:50  Drone  
  68  8:51  Drone x6  
  68  8:52  Drone x2  
  68  8:54  Queen  
  46  9:44  Ultralisk Cavern  
  45  9:47  Drone x3  
  45  9:51  Drone x3  
  51  9:54  Extractor  
  51  9:56  Extractor  
  51  9:59  Drone  
  50  10:00  Drone x3  
  50  10:03  Overlord  
  53  10:07  Zerg Ground Armor Level 2  
  53  10:12  Evolution Chamber, Drone  
  53  10:15  Drone x2  
  55  10:22  Drone x2  
  55  10:23  Drone  
  55  10:25  Drone x3  
  61  10:40  Chitinous Plating  
  61  10:42  Ultralisk x5  
  91  10:43  Ultralisk x3  
  109  10:55  Overlord  
  109  10:57  Overlord  
  109  10:58  Overlord x2  
  109  11:16  Zerg Melee Weapons Level 2  
  109  11:19  Ultralisk x3  
  109  11:22  Ultralisk  
  109  11:24  Zergling x2  
  109  11:25  Zergling x8  
  138  11:50  Overlord x3  
  138  12:00  Overlord x2  
  138  12:16  Ultralisk x3  
  138  12:18  Ultralisk x2  
  138  12:19  Zergling x4  
  138  12:20  Zergling x2  
  171  12:42  Zergling x4  
  171  12:43  Zergling x10  
  178  12:46  Overlord x2  
  178  12:47  Overlord x2  
Show
View Real Time Build Order
Export as new Build Order

Grumm Terran 

Build Orders:  

Get SALT Encoding   

  12  0:01  SCV  
  13  0:13  SCV  
  14  0:26  Supply Depot  
  14  0:28  SCV  
  15  0:32  Refinery  
  15  0:45  Refinery  
  15  0:48  SCV  
  16  0:55  Barracks  
  16  1:00  SCV  
  17  1:15  SCV  
  18  1:27  SCV  
  19  1:39  SCV  
  20  1:46  Supply Depot  
  20  1:50  Factory  
  20  1:52  Reaper  
  20  1:53  SCV  
  22  2:05  SCV  
  23  2:35  Command Center  
  23  2:38  Starport  
  23  2:39  Widow Mine  
  25  3:02  SCV  
  26  3:15  SCV  
  26  3:21  Starport Tech Lab  
  26  3:27  SCV  
  26  3:33  Starport  
  27  3:35  Marine  
  27  3:37  Factory Tech Lab  
  27  3:39  SCV  
  28  4:05  Banshee, Cloaking Field  
  28  4:09  Widow Mine  
  33  4:12  Orbital Command  
  33  4:17  Supply Depot  
  33  4:19  Engineering Bay  
  33  4:20  Starport Tech Lab, Supply Depot  
  19  5:01  Raven x2  
  23  5:12  Refinery  
  23  5:13  SCV  
  24  5:31  Missile Turret  
  24  6:01  Planetary Fortress  
  24  6:10  Banshee x2  
  18  6:46  Supply Depot  
  18  6:51  SCV x2  
  20  7:26  SCV  
  20  7:27  SCV  
  22  7:42  SCV x2  
  24  7:54  SCV  
  24  7:55  SCV  
  26  8:06  SCV  
  19  9:06  SCV x2  
  19  9:07  Liberator  
  19  9:08  Liberator  
  19  9:18  SCV x2  
  19  9:23  Widow Mine  
  23  9:30  SCV x2  
  31  9:35  Refinery  
  31  9:42  SCV  
  31  9:43  SCV  
  33  9:53  Fusion Core  
  33  9:54  SCV  
  33  9:55  SCV  
  35  10:07  SCV x2  
  37  10:08  Missile Turret  
  37  10:19  SCV  
  38  10:43  Battlecruiser  
  38  10:45  SCV x2  
  46  10:57  SCV x2  
  48  11:05  Behemoth Reactor  
  48  11:09  SCV x2  
  42  12:04  Viking x2  
  36  12:33  Widow Mine  
  36  12:34  Viking x2  
  36  12:35  Marine  
  43  12:53  Marine  
  50  13:10  Marine  
  49  13:28  Marine  
  52  13:43  Command Center  
Show
View Real Time Build Order
Export as new Build Order

UntoldLegend Protoss 

Build Orders: Double Forge 

Get SALT Encoding   

  12  0:04  Probe (Chrono Boost)  
  13  0:15  Probe (Chrono Boost)  
  13  0:20  Pylon  
  14  0:26  Probe (Chrono Boost)  
  15  0:38  Probe (Chrono Boost)  
  16  0:48  Probe (Chrono Boost)  
  16  0:49  Assimilator  
  17  0:52  Gateway  
  17  0:59  Probe (Chrono Boost)  
  17  1:00  Assimilator  
  18  1:09  Pylon  
  18  1:13  Probe (Chrono Boost)  
  19  1:23  Probe (Chrono Boost)  
  20  1:34  Probe (Chrono Boost)  
  21  1:44  Probe (Chrono Boost)  
  22  1:55  Probe (Chrono Boost)  
  23  2:02  Forge x2  
  23  2:05  Probe (Chrono Boost)  
  24  2:08  Cybernetics Core  
  24  2:22  Gateway  
  23  2:39  Photon Cannon  
  23  2:45  Pylon  
  23  2:47  Mothership Core (Chrono Boost)  
  23  2:48  Warp Gate (Chrono Boost)  
  25  2:52  Protoss Ground Weapons Level 1 (Chrono Boost)  
  25  3:17  Nexus  
  25  3:36  Protoss Shields Level 1 (Chrono Boost)  
  25  3:39  Gateway  
  25  4:01  Pylon  
  25  4:04  Gateway  
  25  4:12  Pylon  
  25  4:18  Probe  
  26  4:30  Probe  
  27  4:35  Photon Cannon  
  27  4:42  Probe  
  28  5:00  Stalker x2  
  28  5:01  Zealot  
  34  5:09  Probe  
  34  5:13  Probe  
  36  5:20  Probe  
  36  5:24  Protoss Ground Armor Level 1 (Chrono Boost)  
  36  5:25  Probe  
  36  5:27  Twilight Council  
  38  5:30  Probe  
  39  5:37  Assimilator  
  39  5:41  Assimilator, Probe  
  40  5:51  Probe  
  41  6:02  Pylon, Probe  
  42  6:05  Charge  
  42  6:07  Stalker  
  42  6:08  Zealot  
  42  6:09  Zealot  
  48  6:12  Probe  
  48  6:14  Probe  
  50  6:23  Probe  
  45  6:26  Probe  
  45  6:28  Protoss Ground Weapons Level 2 (Chrono Boost)  
  46  6:33  Probe  
  46  6:50  Probe  
  46  6:52  Probe  
  46  7:02  Probe  
  46  7:04  Probe  
  46  7:06  Protoss Ground Armor Level 2 (Chrono Boost)  
  48  7:14  Stalker  
  48  7:15  Stalker, Probe, Zealot  
  55  7:16  Probe, Zealot  
  58  7:27  Probe  
  58  7:28  Probe  
  60  7:36  Robotics Facility  
  60  7:40  Probe  
  60  7:42  Pylon  
  60  7:43  Stalker x2  
  60  7:44  Zealot x2  
  67  7:49  Gateway  
  69  7:52  Probe  
  70  8:06  Sentry x2  
  70  8:07  Nexus, Sentry  
  70  8:08  Sentry  
  78  8:26  Observer  
  79  8:32  Robotics Bay  
  79  8:40  Zealot x2  
  83  8:41  Stalker  
  85  8:54  Pylon  
  85  8:55  Pylon  
  78  9:37  Probe  
  78  9:39  Probe  
  79  9:46  Pylon  
  79  9:48  Assimilator  
  79  9:49  Probe x2  
  81  9:54  Colossus, Protoss Ground Weapons Level 3 (Chrono Boost)  
  81  9:55  Protoss Shields Level 2 (Chrono Boost)  
  81  9:57  Zealot  
  81  9:58  Zealot x3  
  81  9:59  Zealot  
  97  10:00  Probe  
  97  10:01  Probe  
  97  10:02  Extended Thermal Lance  
  99  10:10  Pylon, Probe  
  99  10:13  Probe  
  101  10:21  Probe  
  101  10:26  Assimilator  
  102  10:31  Probe  
  102  10:35  Stalker x2  
  105  10:36  Zealot  
  105  10:37  Sentry x2  
  105  10:42  Probe  
  113  10:46  Gateway  
  113  10:48  Colossus  
  120  10:52  Gateway, Probe  
  121  10:58  Dark Shrine  
  121  11:03  Probe  
  122  11:13  Probe  
  122  11:15  Nexus  
  123  11:20  Pylon  
  123  11:22  Zealot  
  123  11:23  Stalker x2  
  123  11:24  Stalker x2  
  133  11:37  Probe  
  134  11:42  Observer Gravitic Boosters  
  134  11:46  Pylon  
  134  11:47  Probe  
  134  11:48  Pylon  
  134  11:50  Pylon  
  135  11:57  Stalker  
  135  11:59  Stalker x2  
  141  12:04  Disruptor  
  144  12:12  Dark Templar  
  144  12:13  Dark Templar x3  
  143  13:23  Nexus  
  143  13:41  Pylon  
  143  13:43  Pylon  
  143  13:46  Pylon  
  110  14:13  Dark Templar x3  
  110  14:14  Dark Templar x2  
  110  14:15  Dark Templar x2  
Show
View Real Time Build Order
Export as new Build Order

HowerPower Protoss 

Build Orders: Blink Stalkers 

Get SALT Encoding   

  12  0:09  Probe (Chrono Boost)  
  13  0:20  Probe (Chrono Boost)  
  14  0:30  Probe (Chrono Boost)  
  14  0:35  Pylon  
  15  0:53  Probe (Chrono Boost)  
  15  0:56  Gateway  
  17  1:04  Probe (Chrono Boost)  
  17  1:14  Assimilator, Probe (Chrono Boost)  
  18  1:18  Assimilator  
  18  1:21  Pylon  
  18  1:25  Probe (Chrono Boost)  
  19  1:36  Probe (Chrono Boost)  
  20  1:46  Probe (Chrono Boost)  
  21  1:50  Cybernetics Core  
  21  1:53  Gateway  
  21  1:57  Gateway, Probe (Chrono Boost)  
  22  2:06  Pylon  
  22  2:09  Probe (Chrono Boost)  
  23  2:19  Probe (Chrono Boost)  
  24  2:29  Forge  
  24  2:30  Warp Gate (Chrono Boost)  
  24  2:33  Mothership Core (Chrono Boost)  
  26  2:47  Pylon  
  26  2:50  Twilight Council  
  26  3:00  Gateway  
  26  3:14  Stalker x2  
  26  3:17  Stalker  
  32  3:25  Pylon  
  32  3:33  Blink (Chrono Boost)  
  32  4:01  Nexus  
  32  4:05  Assimilator  
  32  4:11  Pylon  
  32  4:16  Assimilator  
  32  4:22  Pylon  
  32  4:36  Photon Cannon  
  32  4:40  Stalker  
  34  4:58  Stalker x2  
  38  5:05  Protoss Ground Weapons Level 1 (Chrono Boost)  
  38  5:17  Photon Cannon  
  38  5:22  Probe, Photon Cannon  
  39  5:33  Probe  
  40  5:36  Probe  
  41  5:43  Probe  
  41  5:44  Stalker  
  44  5:54  Probe  
  44  5:55  Stalker  
  47  6:02  Probe  
  48  6:05  Probe  
  49  6:14  Probe  
  49  6:15  Probe, Gateway  
  51  6:21  Pylon  
  51  6:26  Probe  
  51  6:27  Stalker  
  51  6:36  Probe  
  52  6:46  Photon Cannon  
  52  6:47  Probe  
  53  6:54  Photon Cannon  
  53  6:57  Probe  
  54  7:02  Probe  
  54  7:08  Probe  
  55  7:12  Protoss Shields Level 1 (Chrono Boost)  
  55  7:14  Probe  
  55  7:15  Stalker  
  59  7:18  Probe  
  60  7:25  Templar Archives  
  60  7:35  Robotics Facility  
  60  7:37  Pylon  
  60  7:41  Probe  
  60  7:42  Probe  
  62  7:52  Probe, Stalker  
  62  7:55  Stalker  
  67  8:03  Forge  
  67  8:07  High Templar x2  
  67  8:08  High Templar  
  73  8:13  Archon  
  73  8:15  High Templar  
  75  8:21  Pylon  
  75  8:22  Probe  
  75  8:26  Archon  
  76  8:32  Probe  
  77  8:34  Observer  
  78  8:42  Gateway  
  78  8:43  Gateway  
  78  8:45  Gateway  
  78  8:48  Protoss Ground Weapons Level 2 (Chrono Boost)  
  78  8:49  Protoss Ground Armor Level 1 (Chrono Boost)  
  79  8:56  Observer  
  79  9:02  High Templar x2  
  83  9:04  Stalker x2  
  83  9:05  Stalker  
  83  9:07  Archon  
  89  9:42  Nexus  
  89  9:47  Assimilator  
  89  9:50  Assimilator  
  89  9:51  Pylon  
  89  9:54  Pylon  
  89  9:57  High Templar x2, Pylon  
  89  9:58  Stalker x2  
  97  10:00  Pylon, Stalker  
  97  10:02  Archon  
  99  10:11  Forge  
  99  10:16  Robotics Bay  
  99  10:23  Charge (Chrono Boost)  
  99  10:31  Protoss Shields Level 2  
  99  10:38  Stalker  
  101  10:45  Photon Cannon  
  101  10:53  Probe  
  102  11:03  Protoss Ground Armor Level 2  
  102  11:04  Probe  
  102  11:09  Stalker x3  
  102  11:10  Stalker  
  111  11:14  Probe  
  112  11:25  Probe  
  112  11:31  Robotics Facility  
  113  11:33  Pylon  
  113  11:38  Pylon  
  113  11:40  Protoss Ground Weapons Level 3  
  113  11:42  Probe  
  114  11:52  Stalker  
  114  11:53  Probe, Zealot  
  118  11:55  Zealot  
  118  11:59  Zealot  
  123  12:06  Zealot x2  
  127  12:10  Stalker  
  127  12:15  High Templar x2  
  133  12:24  Archon  
  133  12:29  Stalker x3  
  85  13:19  Stalker x4  
  93  13:20  Stalker  
  95  13:27  Colossus  
  101  13:38  Stalker  
  101  13:40  Zealot  
  101  13:41  Zealot  
  107  13:51  High Templar x2  
  107  13:52  High Templar x2  
  107  13:54  Stalker  
  117  13:57  Archon x2  
  117  14:07  Stalker x2  
  117  14:08  Stalker  
Tags
 
Add a new tag
Caveats
  • Supply blocks, unpowered buildings, or Contaminate may cause inaccurate times.
  • Supply counts are checked every 10 seconds.